 Dungeon Crawl Stone Soup version 0.17.1-3-g152610e (webtiles) character file.

5096 Peloso the Blocker (level 10, -21/86 HPs)
             Began as a Minotaur Fighter on Mar 22, 2016.
             Was an Elder of Okawaru.
             Killed from afar by a wretched star (24 damage)
             ... with an orb of energy
             ... on level 2 of the Abyss.
             The game lasted 00:18:18 (7055 turns).

Peloso the Blocker (Minotaur Fighter)               Turns: 7055, Time: 00:18:18

Health: -21/86     AC: 16    Str: 22    XL:     10   Next: 32%
Magic:  10/10      EV: 12    Int:  5    God:    Okawaru [****..]
Gold:   262        SH: 12    Dex: 10    Spells: 0 memorised, 9 levels left

rFire  . . .     SeeInvis .     w - +2 scimitar (curse)
rCold  . . .     Clarity  .     f - +1 plate armour
rNeg   . . .     SustAt   .     c - +0 shield
rPois  .         Gourm    .     (helmet restricted)
rElec  .         Spirit   .     (no cloak)
rCorr  .         Warding  .     (no gloves)
rMut   .         Stasis   .     x - +0 pair of boots
MR     .....                    (no amulet)
Stlth  ..........               v - +5 ring of evasion
                                n - ring of flight

@: drained, not resistant to hostile enchantments, extremely unstealthy
A: retaliatory headbutt, horns 2, blurry vision 1, clumsy 1
a: Heroism, Renounce Religion, Evoke Flight


You were on level 2 of the Abyss.
You worshipped Okawaru.
Okawaru was greatly pleased with you.
You were hungry.

You visited 2 branches of the dungeon, and saw 9 of its levels.
You visited the Abyss 1 time.

You collected 262 gold pieces.

Inventory:

Hand Weapons
 a - a +1 long sword
 w - a cursed +2 scimitar (weapon)
 A - a +1 falchion of holy wrath
Armour
 c - a +0 shield (worn)
 f - a +1 plate armour (worn)
 x - a +0 pair of boots (worn)
Jewellery
 m - a +3 ring of intelligence {unknown}
 n - a ring of flight (left hand)
 v - a +5 ring of evasion (right hand)
Scrolls
 g - 6 scrolls of remove curse
 i - 5 scrolls of identify
 j - 2 scrolls of teleportation
 k - 3 scrolls of enchant weapon
 p - a scroll of magic mapping
 s - a scroll of noise {unknown}
 z - 2 scrolls of enchant armour
Potions
 d - a potion of might
 o - 2 potions of agility
 q - a potion of resistance
 r - a potion of invisibility
Books
 t - a book of the Earth

   Spells                             Type                      Level
   a - Leda's Liquefaction            Hexes/Earth                  4
   b - Bolt of Magma                  Conjuration/Fire/Earth       5
   c - Statue Form                    Transmutation/Earth          6
   d - Iron Shot                      Conjuration/Earth            6
   e - Shatter                        Earth                        9
Comestibles
 b - a meat ration
 e - 9 bread rations
 h - 8 beef jerkies
 l - 3 fruits
 u - 3 slices of pizza


   Skills:
 + Level 7.6(7.3) Fighting
 + Level 9.8(9.5) Long Blades
 + Level 9.2(8.9) Armour
 + Level 2.7(2.4) Dodging
 + Level 0.5(0.2) Stealth
 + Level 11.0(10.7) Shields
 + Level 1.5(1.2) Invocations


You had 9 spell levels left.
You didn't know any spells.

Dungeon Overview and Level Annotations

Branches:
Dungeon (8/15)             Temple (1/1) D:4
   Lair: D:8-11

Altars:
Ashenzari
Cheibriados
Dithmenos
Elyvilon
Fedhas
Gozag
Kikubaaqudgha
Makhleb
Nemelex Xobeh
Okawaru
Qazlal
Ru
Vehumet
Xom
The Shining One

Annotations:
D:8 Psyche


Innate Abilities, Weirdness & Mutations

You reflexively headbutt those who attack you in melee.
You have a pair of horns on your head.
[Scrolls take you a little longer to read.]
[You are clumsy. (Dex -2)]


Message History

The wretched star pulses with an eldritch light!
Your vision blurs.
You feel clumsy.
You closely miss the wretched star. You closely miss the wretched star.
You headbutt the wretched star, but do no damage.
You slash the wretched star! You headbutt the wretched star!
The wretched star is moderately damaged.
You hit the wretched star. Your headbutt misses the wretched star.
The wretched star is moderately damaged.
You slash the wretched star!
The wretched star is heavily damaged.
The wretched star glows turbulently.
The orb of energy hits you!
* * * LOW HITPOINT WARNING * * *
The orb of energy explodes!
You hit the wretched star.
The wretched star is severely damaged.
The wretched star glows turbulently.
The orb of energy hits you!
You die...

. ...........
##...#.....#.....# .
#...# # ..###...
............##..##..
..... #......!...... ..
#... # .. .. .... ....
##.## # .## .##...
.....#.*.###. .# .# ...
#.....@..#....... ....
##...................
#........#....##..# ..
#.....##...####..##..#.
#.#.## #..## ..# .# #
## ##.# #.# . ..# # .
..#. # .#. .


You could see a wretched star.

Vanquished Creatures
  Erica (D:8)
  The ghost of mmk665 the Ducker, a novice MiBe of Trog (D:6)
  Joseph (D:8)
  Prince Ribbit (D:8)
  Grum (D:8)
  Menkaure (D:7)
  A hippogriff (D:7)
  3 wolves (D:8)
  A sky beast (D:7)
  An orc warrior (D:7)
  A phantom (D:7)
  A water moccasin (D:8)
  5 ogres
  An ice beast (D:5)
  A centaur (D:5)
  A wasp (D:8)
  2 giant frogs
  8 wights
  3 scorpions
  5 killer bees (D:8)
  5 crimson imps
  An orc priest (D:5)
  A jelly (D:4)
  3 orc wizards
  2 iguanas
  3 worker ants
  3 hounds
  12 adders
  7 gnolls (D:6)
  A shadow imp (D:7)
  A white imp (D:5)
  3 worms
  An adder skeleton (D:4)
  18 orcs
  2 ball pythons
  7 giant cockroaches
  3 goblins
  5 hobgoblins
  14 jackals
  4 quokkas
  5 bats
  4 giant geckos
  3 giant newts
  2 goblin skeletons (D:5)
  A goblin zombie (D:5)
  3 hobgoblin zombies (D:5)
  9 kobolds
  A kobold skeleton (D:5)
  A kobold zombie (D:5)
  An orc skeleton (D:5)
  2 orc zombies (D:5)
  A quokka skeleton (D:3)
  2 quokka zombies
  3 rats
174 creatures vanquished.

Vanquished Creatures (others)
  5 fungi (D:8)
5 creatures vanquished.

Grand Total: 179 creatures vanquished

Notes
Turn   | Place    | Note
--------------------------------------------------------------
     0 | D:1      | Peloso the Minotaur Fighter began the quest for the Orb.
     0 | D:1      | Reached XP level 1. HP: 19/19 MP: 0/0
   323 | D:1      | Reached skill level 4 in Armour
   484 | D:1      | Reached XP level 2. HP: 22/27 MP: 1/1
   922 | D:2      | Reached XP level 3. HP: 29/33 MP: 2/2
  1368 | D:3      | Found a white marble altar of Elyvilon.
  1776 | D:3      | Reached XP level 4. HP: 40/40 MP: 3/3
  2308 | D:3      | Reached skill level 5 in Armour
  2308 | D:3      | Reached XP level 5. HP: 34/47 MP: 4/4
  2448 | D:4      | Found a shadowy altar of Dithmenos.
  2464 | D:4      | Found an opulent altar of Gozag.
  2465 | D:4      | Found a radiant altar of Vehumet.
  2728 | D:4      | Found a staircase to the Ecumenical Temple.
  2731 | Temple   | Entered the Ecumenical Temple
  2761 | Temple   | Became a worshipper of Warmaster Okawaru
  2943 | D:5      | Entered Level 5 of the Dungeon
  2945 | D:5      | Noticed an ogre
  2957 | D:4      | Reached skill level 1 in Dodging
  2957 | D:4      | Reached XP level 6. HP: 38/53 MP: 5/5
  3005 | D:4      | Reached skill level 5 in Shields
  3070 | D:5      | Killed an ogre
  3268 | D:5      | Noticed an ogre
  3279 | D:5      | Killed an ogre
  3279 | D:5      | Reached skill level 6 in Armour
  3523 | D:5      | Noticed a centaur
  3529 | D:5      | Killed a centaur
  3529 | D:5      | Reached * piety under Okawaru
  3529 | D:5      | Reached XP level 7. HP: 54/60 MP: 6/6
  3600 | D:5      | Noticed an ice beast
  3616 | D:5      | Killed an ice beast
  3616 | D:5      | Reached skill level 5 in Long Blades
  3639 | D:5      | Reached skill level 5 in Fighting
  3740 | D:5      | Reached skill level 7 in Shields
  3886 | D:5      | Found a glowing golden altar of the Shining One.
  4040 | D:5      | Found a burning altar of Makhleb.
  4041 | D:5      | Found a radiant altar of Vehumet.
  4227 | D:5      | Found a shattered altar of Ashenzari.
  4394 | D:5      | Reached XP level 8. HP: 68/68 MP: 7/7
  4749 | D:6      | Reached ** piety under Okawaru
  4778 | D:6      | Found a snail-covered altar of Cheibriados.
  5054 | D:6      | Noticed mmk665's ghost (novice MiBe)
  5093 | D:6      | Killed mmk665's ghost
  5093 | D:6      | Reached skill level 9 in Shields
  5565 | D:7      | Noticed Menkaure
  5571 | D:7      | Killed Menkaure
  5867 | D:7      | Reached XP level 9. HP: 71/75 MP: 8/8
  5935 | D:7      | Reached *** piety under Okawaru
  6019 | D:7      | Reached skill level 10 in Shields
  6226 | D:7      | Found an ancient bone altar of Kikubaaqudgha.
  6227 | D:7      | Found a blossoming altar of Fedhas.
  6461 | D:8      | Found an iron altar of Okawaru.
  6480 | D:8      | Noticed Prince Ribbit
  6501 | D:8      | Noticed Grum
  6525 | D:8      | Killed Grum
  6533 | D:8      | Reached skill level 1 in Invocations
  6778 | D:8      | Killed Prince Ribbit
  6778 | D:8      | Reached **** piety under Okawaru
  6860 | D:8      | Reached XP level 10. HP: 71/86 MP: 9/9
  6911 | D:8      | Noticed Erica
  6914 | D:8      | Noticed Psyche
  6920 | D:8      | Noticed Joseph
  6938 | D:8      | Killed Erica
  6938 | D:8      | Reached skill level 11 in Shields
  6962 | D:8      | Killed Joseph
  6982 | D:8      | Cast into the Abyss (Psyche)
  7009 | Abyss:2  | Found a corrupted altar of Lugonu.
  7045 | Abyss:2  | Noticed a wretched star
  7054 | Abyss:2  | HP: 3/86 [wretched star/orb of energy (8)]
  7055 | Abyss:2  | Killed from afar by a wretched star

Action                   |  1- 3 |  4- 6 |  7- 9 | 10-12 || total
-------------------------+-------+-------+-------+-------++-------
Melee: Long sword        |   117 |   107 |   381 |       ||   605
       Falchion          |       |       |    16 |       ||    16
       Scimitar          |       |       |       |    59 ||    59
Invok: Heroism           |       |       |     2 |     1 ||     3
  Use: Scroll            |       |     9 |     7 |       ||    16
  Eat: Chunk             |     2 |     6 |    12 |       ||    20
